 Dungeon Crawl Stone Soup version 0.26.1-11-gd32895ea62 (webtiles) character file.

Game seed: 2470227180925645876

41 Descartes the Magician (level 3, -3/16 HPs)
             Began as a Spriggan Earth Elementalist on May 2, 2021.
             Slain by an adder (5 damage)
             ... on level 2 of the Dungeon.
             The game lasted 00:03:27 (1434 turns).

Descartes the Magician (SpEE)                       Turns: 1434, Time: 00:03:27

Health: -3/16      AC:  3    Str:  5    XL:     3   Next: 32%
Magic:  9/9        EV: 18    Int: 16    God:
Gold:   131        SH:  0    Dex: 16    Spells: 8/9 levels left

rFire    . . .     SeeInvis +   e - +0 dagger (flame)
rCold    . . .     Faith    .   (shield restricted)
rNeg     . . .     Spirit   .   c - +0 robe
rPois    .         Reflect  .   (helmet restricted)
rElec    .         Harm     .   f - +0 cloak (curse)
rCorr    .         Rampage  .   (gloves unavailable)
Will     .....                  (boots unavailable)
Stlth    ++........             (no amulet)
HPRegen  0.05/turn              (no ring)
MPRegen  0.11/turn              (no ring)

@: lethally poisoned (-3 -> -7), very quick
A: very small, unfitting armour, see invisible, speed 3
a: no special abilities


You were on level 2 of the Dungeon.
You visited 1 branch of the dungeon, and saw 2 of its levels.

You collected 131 gold pieces.

Inventory:

Hand Weapons
 e - a +0 dagger of flaming (weapon)
Missiles
 b - 54 stones
 g - 58 arrows
Armour
 c - a +0 robe (worn)
 f - a cursed +0 cloak (worn)
Jewellery
 i - an uncursed amulet of guardian spirit {unknown}
Scrolls
 a - 5 scrolls of identify {unknown}
 d - a scroll of remove curse {unknown}
 h - a scroll of magic mapping {unknown}
Potions
 j - a potion of heal wounds {unknown}
 k - a potion of haste {unknown}


   Skills:
 + Level 1.2 Short Blades
 - Level 3.0 Dodging
 - Level 3.0 Stealth
 + Level 3.5 Spellcasting
 - Level 1.3 Transmutations
 + Level 3.3 Earth Magic


You had 8 spell levels left.
You knew the following spells:

 Your Spells              Type           Power        Failure   Level
a - Sandblast             Erth           26%          4%          1

Your spell library contained the following spells:

 Spells                   Type           Power        Failure   Level
 Passwall                 Tmut/Erth      8%           11%         2
 Stone Arrow              Conj/Erth      16%          26%         3
 Petrify                  Tmut/Erth      10%          56%         4
 Lee's Rapid Deconstruct  Erth           6%           77%         5


Dungeon Overview and Level Annotations

Branches:
Dungeon (2/15)

Altars:


Innate Abilities, Weirdness & Mutations

You are very small and have problems with some larger weapons.
You are too small for most types of armour.
You have supernaturally acute eyesight. (SInv)
You cover ground extremely quickly.


Message History

You are too injured to fight recklessly!
You are too injured to fight recklessly!
You are too injured to fight recklessly!
You are too injured to fight recklessly!
An adder is nearby!
You hit the adder but do no damage.
The adder is almost dead.
The adder bites you but does no damage.
You miss the adder.
The adder is almost dead.
You feel sick. The adder closely misses you.
You closely miss the adder.
The adder is almost dead.
The adder barely misses you.
You hit the adder but do no damage.
The adder is almost dead.
You feel sick. The adder bites you.
* * * LOW HITPOINT WARNING * * *
The adder bites you.
You die...

.# #.# # .# #.# #.### .#
#.# ..=.> .# #.# ##...##
.# #.#### ##.....##
#.##.## ##.......##
#####.#...####.........#
.............'.........+
####......####..@S.....#
#...#.## ##.......##
..)......# ##.....##
#.........# ##...##
#.........# #+##
####...#### #...#


You could see an adder.

Vanquished Creatures
  An adder (D:2)
  2 dart slugs (D:2)
  A ball python (D:1)
  3 giant cockroaches (D:1)
  4 goblins
  3 hobgoblins (D:1)
  3 kobolds (D:1)
  4 bats (D:1)
  5 frilled lizards (D:1)
  3 rats
29 creatures vanquished.

Notes
Turn   | Place    | Note
-------+----------+-------------------------------------------
     0 | D:1      | Descartes the Spriggan Earth Elementalist began the quest
                  | for the Orb.
     0 | D:1      | Reached XP level 1. HP: 9/9 MP: 5/5
   203 | D:1      | Reached XP level 2. HP: 13/13 MP: 4/7
  1196 | D:2      | Reached skill level 1 in Short Blades
  1219 | D:2      | Reached XP level 3. HP: 16/16 MP: 8/8
  1434 | D:2      | Slain by an adder

Illustrated notes

Levels and vault maps discovered:
D:1:      onia_arrival_mini_maze, layout_loops_cross, serial_glass,
          glass_columns_b, glass_columns_a, glass_columns_c, glass_columns_a,
          glass_columns_b, glass_columns_c, minmay_ruptured
D:2:      layout_loops_corners, lemuel_blue_sif_altar

Skill      XL: |  1  2 |
---------------+-------+-----
Spellcasting   | 3 |  3.5
Earth Magic    | 3 |  3.3
Short Blades   | 1 |  1.2
Dodging        | |  3.0
Stealth        | |  3.0
Transmutations | |  1.3

Action                   || total
-------------------------++-------
Melee: Dagger            ||    95
 Cast: Sandblast         ||     7
 Stab: Sleeping          ||     1
Armor: Robe              ||    11
Dodge: Dodged            ||    76
